 Dungeon Crawl Stone Soup version 0.19.1-1-g22dce08 (webtiles) character file.

1677 JeffiDaFish the Cudgeler (level 9, 0/54 HPs)
             Began as a Gargoyle Fighter on Jan 11, 2017.
             Was a Follower of Makhleb.
             Slain by stormannnn's ghost (2 damage)
             ... on level 6 of the Dungeon.
             The game lasted 00:09:57 (4873 turns).

JeffiDaFish the Cudgeler (Gargoyle Fighter)         Turns: 4873, Time: 00:09:58

Health: 0/54       AC: 16    Str: 20    XL:     9   Next: 1%
Magic:  9/9        EV:  7    Int:  9    God:    Makhleb [*.....]
Gold:   207        SH: 10    Dex: 14    Spells: 0 memorised, 8 levels left

rFire  . . .     SeeInvis .     a - +0 flail
rCold  . . .     Gourm    .     d - +0 chain mail
rNeg   + . .     Faith    .     c - +0 shield
rPois  ∞         Spirit   .     g - +0 helmet
rElec  +         Reflect  .     (no cloak)
rCorr  .         Harm     .     (no gloves)
MR     .....                    (no boots)
Stlth  ..........               (no amulet)
                                (no ring)
                                l - +2 ring of dexterity

@: no status effects
A: negative energy resistance 1, electricity resistance, unbreathing,
petrification resistance, rot immunity, AC +5
a: Renounce Religion


You were on level 6 of the Dungeon.
You worshipped Makhleb.
Makhleb was aware of your devotion.
You were hungry.

You visited 2 branches of the dungeon, and saw 7 of its levels.

You collected 207 gold pieces.

Inventory:

Hand Weapons
 a - a +0 flail (weapon)
Armour
 c - a +0 shield (worn)
 d - a +0 chain mail (worn)
 g - a +0 helmet (worn)
Jewellery
 l - a +2 ring of dexterity (left hand)
Scrolls
 j - 8 scrolls of identify
 k - 2 scrolls of remove curse
Potions
 e - a potion of resistance
 m - a potion of haste
Comestibles
 b - 4 chunks of flesh
 f - 6 bread rations
 h - 4 beef jerkies
 i - 3 fruits
 o - a meat ration


   Skills:
 + Level 5.4 Fighting
 + Level 7.7 Maces & Flails
 + Level 5.7 Armour
 + Level 1.9 Dodging
 + Level 6.6 Shields


You had 8 spell levels left.
You didn't know any spells.

Dungeon Overview and Level Annotations

Branches:
Dungeon (6/15)             Temple (1/1) D:4

Altars:
Ashenzari
Cheibriados
Fedhas
Gozag
Hepliaklqana
Kikubaaqudgha
Makhleb
Okawaru
Qazlal
Ru
Sif Muna
Trog
Uskayaw
Vehumet
Xom
The Shining One

Annotations:
D:6 stormannnn's ghost, amateur FeMo


Innate Abilities, Weirdness & Mutations

You are resistant to torment.
Your stone body is resilient. (AC +5)
You are immune to poison.
You resist negative energy. (rN+)
You are resistant to electric shocks. (rElec)
You can survive without breathing.
You are immune to petrification.
You are immune to rotting.


Message History

You block stormannnn's ghost's attack.
You completely miss stormannnn's ghost.
Stormannnn's ghost is almost destroyed.
Stormannnn's ghost hits you!
* * * LOW HITPOINT WARNING * * *
You miss stormannnn's ghost.
Stormannnn's ghost is almost destroyed.
You block stormannnn's ghost's attack.
You miss stormannnn's ghost.
Stormannnn's ghost is almost destroyed.
Stormannnn's ghost hits you but does no damage.
You miss stormannnn's ghost.
Stormannnn's ghost is almost destroyed.
Stormannnn's ghost hits you.
* * * LOW HITPOINT WARNING * * *
You completely miss stormannnn's ghost.
Stormannnn's ghost is almost destroyed.
Stormannnn's ghost lets out a mournful wail.
Stormannnn's ghost hits you.
You die...

#...............#
#................
#................
#..............#.
#.............##
..#............#
#................
##..#.........##
##(.##@.....##
##.ZW..#...#
##.######## ...
... ..... ....
....


You could see stormannnn's ghost and a hound zombie.

Vanquished Creatures
  Sigmund (D:3)
  Eustachio (D:4)
  Edmund (D:4)
  A phantom (D:5)
  2 ogres
  A big kobold (D:4)
  A wyvern skeleton (D:5)
  6 orc wizards
  2 centaur skeletons
  A hound (D:4)
  5 orc priests
  6 worker ants
  A hound skeleton (D:4)
  Robin (D:3)
  8 gnolls
  8 adders
  An ooze (D:4)
  An adder skeleton (D:4)
  3 worms
  8 dart slugs
  5 leopard geckos
  17 orcs
  6 bats
  5 giant cockroaches
  12 goblins
  12 hobgoblins
  3 jackals (D:2)
  10 kobolds
  2 quokkas
  2 ball pythons
  4 frilled lizards
  A giant cockroach zombie (D:5)
  A jackal skeleton (D:3)
  9 rats
148 creatures vanquished.

Vanquished Creatures (others)
  A plant (D:4)
1 creature vanquished.

Grand Total: 149 creatures vanquished

Notes
Turn   | Place    | Note
-------+----------+-------------------------------------------
     0 | D:1      | JeffiDaFish the Gargoyle Fighter began the quest for the Orb.
     0 | D:1      | Reached XP level 1. HP: 14/14 MP: 1/1
    88 | D:1      | Reached XP level 2. HP: 19/19 MP: 2/2
   402 | D:1      | Reached XP level 3. HP: 22/23 MP: 3/3
   950 | D:2      | Reached XP level 4. HP: 26/29 MP: 4/4
  1250 | D:2      | Reached skill level 3 in Maces & Flails
  1628 | D:3      | Noticed Sigmund
  1635 | D:3      | Killed Sigmund
  1635 | D:3      | Reached skill level 4 in Maces & Flails
  1635 | D:3      | Reached XP level 5. HP: 11/33 MP: 5/5
  1635 | D:3      | Reached XP level 6. HP: 13/38 MP: 6/6
  1990 | D:3      | Noticed Robin
  2011 | D:3      | Killed Robin
  2434 | D:4      | Reached XP level 7. HP: 43/44 MP: 7/7
  2464 | D:4      | Reached skill level 5 in Maces & Flails
  2501 | D:4      | Noticed Eustachio
  2546 | D:4      | Killed Eustachio
  2546 | D:4      | Reached skill level 1 in Dodging
  2546 | D:4      | Reached skill level 5 in Shields
  2611 | D:4      | Found a staircase to the Ecumenical Temple.
  2622 | Temple   | Entered the Ecumenical Temple
  2659 | Temple   | Became a worshipper of Makhleb the Destroyer
  2700 | D:4      | Noticed Edmund
  2734 | D:4      | Killed Edmund
  2944 | D:4      | Reached skill level 6 in Maces & Flails
  2944 | D:4      | Reached XP level 8. HP: 46/48 MP: 8/8
  3153 | D:4      | Reached skill level 5 in Armour
  4169 | D:5      | Entered Level 5 of the Dungeon
  4188 | D:5      | Reached * piety under Makhleb
  4243 | D:5      | Reached skill level 5 in Fighting
  4263 | D:5      | Reached skill level 7 in Maces & Flails
  4787 | D:6      | Reached XP level 9. HP: 41/54 MP: 9/9
  4799 | D:6      | Noticed stormannnn's ghost (amateur FeMo)
  4872 | D:6      | HP: 2/54 [stormannnn's ghost (4)]
  4873 | D:6      | Slain by stormannnn's ghost

Skill      XL: |  1  2  3  4  5  6  7  8 |
---------------+-------------------------+-----
Armour         | 4 5 |  5.7
Maces & Flails | 4 6 7 |  7.7
Shields        | 4 5 6 |  6.6
Fighting       | 4 5 |  5.4
Dodging        | 1 |  1.9

Action                   |  1- 3 |  4- 6 |  7- 9 || total
-------------------------+-------+-------+-------++-------
Melee: Flail             |    99 |   231 |   391 ||   721
  Use: Scroll            |     3 |     2 |     1 ||     6
       Potion            |     3 |     5 |     5 ||    13
  Eat: Chunk             |       |     6 |     8 ||    14
Armor: Scale mail        |    65 |    93 |       ||   158
       Chain mail        |       |    27 |   274 ||   301
Dodge: Dodged            |    35 |    71 |   115 ||   221
Block: Shield            |    55 |   148 |   278 ||   481
